AoeStats
← Meetjeslander

Team Islands

503216496Analyzed
2v2 RM · 1mo ago on Aug 30, 2026· 40m 10s· 4 players
Game mode
Random Map
Map size
185×185
Population
200
Speed
Normal
Resources
Standard
Victory
Conquest
Starting age
Dark Age
Ending age
Imperial Age
RankedLock teamsTeams togetherTeam positionsShared explorationLock speedFull tech treeHidden civsTurbo modeCheats
Victory
Defeat
🇧🇪 Vikings · Belgium
1255
+15
🇫🇷 Vietnamese · France
1242
+36
🇩🇪 Vikings · Germany
1237
-15
🇩🇪 Saracens · Germany
1237
-15
struktureller Linguist
8:54 Loom
11:18 Feudal Age
18:46 Castle Age
17:29 Fletching
18:43 Double-Bit Axe
20:15 Bow Saw
29:31 Bodkin Arrow
30:42 Fishing Lines
31:20 Padded Archer Armor
31:51 Gillnets
32:12 Crossbowman
33:31 Gold Mining
34:55 Leather Archer Armor
36:31 Elite Skirmisher
IKEA
8:23 Loom
12:11 Feudal Age
13:05 Double-Bit Axe
16:42 Fletching
19:58 Castle Age
18:37 Wheelbarrow
21:16 Medium Warships
21:21 Bodkin Arrow
21:38 Forging
22:25 Bow Saw
23:54 Scale Barding Armor
24:25 Iron Casting
24:16 Stone Mining
Tek
11:52 Feudal Age
13:28 Wheelbarrow
12:35 Horse Collar
12:41 Double-Bit Axe
12:58 Gold Mining
15:30 Fletching
15:40 Padded Archer Armor
18:28 Castle Age
16:39 Horse Collar
19:35 Hand Cart
19:41 Medium Warships
20:59 Bodkin Arrow
23:49 Bow Saw
23:41 Heavy Plow
25:21 Fishing Lines
27:09 Town Watch
32:29 Imperial Age
30:40 Leather Archer Armor
30:43 Stone Mining
32:00 Ballistics
32:24 Stone Shaft Mining
31:35 Light Cavalry
32:18 Husbandry
32:38 Bloodlines
33:15 Bracer
34:21 Chemistry
35:21 Two-Man Saw
35:40 Town Patrol
35:29 Loom
36:52 Paper Money
37:59 Ring Archer Armor
39:49 Elite Rattan Archer
Meetjeslander
10:47 Feudal Age
11:14 Double-Bit Axe
15:19 Fletching
19:52 Loom
23:01 Castle Age
21:06 Horse Collar
21:19 Gold Mining
23:47 Bodkin Arrow
24:26 Medium Warships
27:40 Bow Saw
27:49 Heavy Plow
32:56 Town Watch
34:14 Squires
34:00 Arson
34:09 Man-at-Arms
35:11 Long Swordsman
35:39 Gambesons
37:56 Scale Mail Armor
39:17 Padded Archer Armor
39:29 Forging
Connection lost

Rejoining the realm…

Still unreachable

The connection could not be restored.

Session expired

The server has moved on; the page needs a fresh start.